TOP OF THE 1ST |
Gwinnett Braves batting - Pitching for New Orleans Zephyrs : LHP Cody Coward
|
Pitching: LHP Cody Coward
|
|
Batting: RHB Edgar Castillo
|
0-0: Called Strike 0-1: Hit by Pitch
|
Batting: RHB Nate Taylor
|
0-0: Called Strike 0-1: Foul Ball, location: 2F 0-2: Foul Ball, location: 2F 0-2: Foul Ball, location: 2F 0-2: Ball 1-2: Foul Ball, location: 2F 1-2: Fly out, F9 (Flyball, 9, EV 87.5 MPH)
|
Batting: SHB Brian Bagley
|
0-0: Called Strike 0-1: Called Strike 0-2: Ball 1-2: Strikes out swinging
|
Batting: RHB Zheng-ze King
|
0-0: Called Strike 0-1: Called Strike 0-2: Strikes out swinging
|
Top of the 1st over - 0 runs, 0 hits, 0 errors, 1 left on base; Gwinnett 0 - New Orleans 0 |
BOTTOM OF THE 1ST |
New Orleans Zephyrs batting - Pitching for Gwinnett Braves : RHP Jeff Olech
|
Pitching: RHP Jeff Olech
|
|
Batting: RHB Orlando Landa
|
0-0: Ball 1-0: Ball 2-0: Ground out U3 (Groundball, 3S, EV 91.2 MPH)
|
Batting: RHB Manuel Taveras
|
0-0: Ball 1-0: Foul Ball, location: 2F 1-1: Called Strike 1-2: Ground out U3 (Groundball, 34S, EV 68.8 MPH)
|
Batting: LHB Eric Bailey
|
0-0: Ball 1-0: Foul Ball, location: 2F 1-1: SINGLE (Groundball, 34D, EV 98.8 MPH) (infield hit)
|
Batting: RHB Adam McGurn
|
0-0: Ball 1-0: Ball 2-0: Ground out 5-3 (Groundball, 56S, EV 70.0 MPH)
|
Bottom of the 1st over - 0 runs, 1 hit, 0 errors, 1 left on base; Gwinnett 0 - New Orleans 0 |
TOP OF THE 2ND |
Gwinnett Braves batting - Pitching for New Orleans Zephyrs : LHP Cody Coward
|
Batting: RHB Muneer Maudad
|
0-0: Called Strike 0-1: Ball 1-1: Swinging Strike 1-2: Fly out, F4 (Line Drive, 4, EV 75.6 MPH)
|
Batting: SHB Troy Kenyon
|
0-0: Ball 1-0: Fly out, F9 (Flyball, 9LS, EV 90.6 MPH)
|
Batting: RHB Jeremy Giesler
|
0-0: Ball 1-0: Ball 2-0: Foul Ball, location: 2F 2-1: Foul Ball, location: 2F 2-2: Strikes out swinging
|
Top of the 2nd over - 0 runs, 0 hits, 0 errors, 0 left on base; Gwinnett 0 - New Orleans 0 |
BOTTOM OF THE 2ND |
New Orleans Zephyrs batting - Pitching for Gwinnett Braves : RHP Jeff Olech
|
Batting: RHB Rick Fell
|
0-0: Ball 1-0: Foul Ball, location: 2F 1-1: Foul Ball, location: 2F 1-2: Ball 2-2: Ball 3-2: Foul Ball, location: 2F 3-2: Ground out 5-3 (Groundball, 56, EV 110.0 MPH)
|
Batting: SHB Greg Rivera
|
0-0: Called Strike 0-1: Ball 1-1: Ball 2-1: Ball 3-1: Fly out, F8 (Flyball, 89D, EV 99.4 MPH)
|
Batting: RHB Masumitsu Sugiura
|
0-0: Called Strike 0-1: Ball 1-1: Called Strike 1-2: Ball 2-2: Strikes out swinging
|
Bottom of the 2nd over - 0 runs, 0 hits, 0 errors, 0 left on base; Gwinnett 0 - New Orleans 0 |
TOP OF THE 3RD |
Gwinnett Braves batting - Pitching for New Orleans Zephyrs : LHP Cody Coward
|
Batting: RHB Jesse Lester
|
0-0: Called Strike 0-1: Ball 1-1: Ball 2-1: Ball 3-1: Called Strike 3-2: Base on Balls
|
Batting: RHB Riley Nasiir
|
0-0: Called Strike 0-1: SINGLE (Groundball, 6M, EV 99.4 MPH) (infield hit) Jesse Lester to second
|
Batting: RHB Edgar Castillo
|
0-0: Called Strike 0-1: Foul Ball, location: 2F 0-2: Foul Ball, location: 2F 0-2: Strikes out swinging
|
Batting: RHB Nate Taylor
|
0-0: Ball 1-0: Ball 2-0: Foul Ball, location: 2F 2-1: Ball 3-1: Foul Ball, location: 2F 3-2: Base on Balls Jesse Lester to third Riley Nasiir to second
|
Batting: SHB Brian Bagley
|
0-0: Ball 1-0: Called Strike 1-1: Called Strike 1-2: Foul Ball, location: 2F 1-2: Ball 2-2: Ball 3-2: Base on Balls Jesse Lester scores Riley Nasiir to third Nate Taylor to second
|
Batting: RHB Zheng-ze King
|
0-0: Ball 1-0: Fly out, F8 (Flyball, 8LS, EV 80.6 MPH)
|
Batting: RHB Muneer Maudad
|
0-0: Called Strike 0-1: Ball 1-1: Swinging Strike 1-2: Fielders Choice at 2nd, 6-4 (Groundball, 6, EV 91.9 MPH)
|
Top of the 3rd over - 1 run, 1 hit, 0 errors, 3 left on base; Gwinnett 1 - New Orleans 0 |
BOTTOM OF THE 3RD |
New Orleans Zephyrs batting - Pitching for Gwinnett Braves : RHP Jeff Olech
|
Batting: RHB Harrie de Kam
|
0-0: Foul Ball, location: 2F 0-1: Ball 1-1: Called Strike 1-2: Ball 2-2: Foul Ball, location: 2F 2-2: Strikes out swinging
|
Batting: RHB John Jackson
|
0-0: Ball 1-0: Ball 2-0: DOUBLE (Flyball, 89XD, EV 102.5 MPH)
|
Batting: RHB Orlando Landa
|
0-0: Called Strike 0-1: Swinging Strike 0-2: Ball 1-2: Ball 2-2: Foul Ball, location: 2F 2-2: Fly out, F8 (Flyball, 8RS, EV 86.2 MPH)
|
Batting: RHB Manuel Taveras
|
0-0: Ground out 5-3 (Groundball, 56S, EV 70.6 MPH)
|
Bottom of the 3rd over - 0 runs, 1 hit, 0 errors, 1 left on base; Gwinnett 1 - New Orleans 0 |
TOP OF THE 4TH |
Gwinnett Braves batting - Pitching for New Orleans Zephyrs : LHP Cody Coward
|
Batting: SHB Troy Kenyon
|
0-0: Ball 1-0: Fly out, F8 (Flyball, 89M, EV 90.6 MPH)
|
Batting: RHB Jeremy Giesler
|
0-0: Ground out 4-3 (Groundball, 4, EV 91.2 MPH)
|
Batting: RHB Jesse Lester
|
0-0: Ball 1-0: Ball 2-0: Foul Ball, location: 2F 2-1: Ball 3-1: Ground out 4-3 (Groundball, 4M, EV 91.2 MPH)
|
Top of the 4th over - 0 runs, 0 hits, 0 errors, 0 left on base; Gwinnett 1 - New Orleans 0 |
BOTTOM OF THE 4TH |
New Orleans Zephyrs batting - Pitching for Gwinnett Braves : RHP Jeff Olech
|
Batting: LHB Eric Bailey
|
0-0: Ball 1-0: Ball 2-0: Called Strike 2-1: Called Strike 2-2: Strikes out swinging
|
Batting: RHB Adam McGurn
|
0-0: Ball 1-0: Ball 2-0: Ground out 5-3 (Groundball, 5, EV 79.4 MPH)
|
Batting: RHB Rick Fell
|
0-0: Ball 1-0: SOLO HOME RUN (Flyball, 7LD, EV 102.5 MPH), Distance : 377 ft
|
Batting: SHB Greg Rivera
|
0-0: Ground out U3 (Groundball, 3, EV 81.9 MPH)
|
Bottom of the 4th over - 1 run, 1 hit, 0 errors, 0 left on base; Gwinnett 1 - New Orleans 1 |
TOP OF THE 5TH |
Gwinnett Braves batting - Pitching for New Orleans Zephyrs : LHP Cody Coward
|
Batting: RHB Riley Nasiir
|
0-0: Foul Ball, location: 2F 0-1: Foul Ball, location: 2F 0-2: Foul Ball, location: 2F 0-2: Foul Ball, location: 2F 0-2: Ball 1-2: Ground out 1-3 (Groundball, 34S, EV 68.8 MPH)
|
Batting: RHB Edgar Castillo
|
0-0: Called Strike 0-1: Foul Ball, location: 2F 0-2: Strikes out swinging
|
Batting: RHB Nate Taylor
|
0-0: SINGLE (Groundball, 56D, EV 83.1 MPH) (infield hit)
|
Batting: SHB Brian Bagley
|
0-0: Called Strike 0-1: Swinging Strike 0-2: Fly out, F8 (Flyball, 8LD, EV 100.6 MPH)
|
Top of the 5th over - 0 runs, 1 hit, 0 errors, 1 left on base; Gwinnett 1 - New Orleans 1 |
BOTTOM OF THE 5TH |
New Orleans Zephyrs batting - Pitching for Gwinnett Braves : RHP Jeff Olech
|
Batting: RHB Masumitsu Sugiura
|
0-0: SINGLE (Groundball, 6MD, EV 100.0 MPH) (infield hit)
|
Batting: RHB Harrie de Kam
|
0-0: Ball 1-0: Grounds into double play, 4-6-3 (Groundball, 4, EV 90.6 MPH)
|
Batting: RHB John Jackson
|
0-0: Ball 1-0: Foul Ball, location: 2F 1-1: Ball 2-1: Foul Ball, location: 2F 2-2: Ball 3-2: Fly out, F8 (Flyball, 8LD, EV 80.0 MPH)
|
Bottom of the 5th over - 0 runs, 1 hit, 0 errors, 0 left on base; Gwinnett 1 - New Orleans 1 |
TOP OF THE 6TH |
Gwinnett Braves batting - Pitching for New Orleans Zephyrs : LHP Cody Coward
|
Batting: RHB Zheng-ze King
|
0-0: Ball 1-0: Called Strike 1-1: Ball 2-1: Foul Ball, location: 2F 2-2: Foul Ball, location: 2F 2-2: SINGLE (Flyball, 7LS, EV 93.1 MPH)
|
Batting: RHB Muneer Maudad
|
0-0: Ball Zheng-ze King steals 2nd, throwing error, E2 Zheng-ze King to third 1-0: Ball 2-0: Ball 3-0: SINGLE (Groundball, 6, EV 101.2 MPH) (infield hit) Zheng-ze King scores
|
Batting: SHB Troy Kenyon
|
0-0: Ball 1-0: Swinging Strike 1-1: Ball 2-1: Swinging Strike 2-2: Foul Ball, location: 2F 2-2: Foul Ball, location: 2F 2-2: Strikes out swinging
|
Batting: RHB Jeremy Giesler
|
0-0: Ball 1-0: Called Strike 1-1: Ball 2-1: Ball 3-1: Called Strike 3-2: Strikes out swinging
|
Batting: RHB Jesse Lester
|
0-0: Called Strike 0-1: Ball 1-1: Ball 2-1: Fielders Choice at 2nd, 5-4 (Groundball, 56, EV 103.1 MPH)
|
Top of the 6th over - 1 run, 2 hits, 1 error, 1 left on base; Gwinnett 2 - New Orleans 1 |
BOTTOM OF THE 6TH |
New Orleans Zephyrs batting - Pitching for Gwinnett Braves : RHP Jeff Olech
|
Batting: RHB Orlando Landa
|
0-0: Called Strike 0-1: Ball 1-1: SINGLE (Groundball, 56S, EV 71.2 MPH) (infield hit)
|
Batting: RHB Manuel Taveras
|
0-0: Swinging Strike 0-1: Ball Wild Pitch! Orlando Landa to second 1-1: Swinging Strike 1-2: Foul Ball, location: 2F 1-2: Ball 2-2: Strikes out swinging
|
Batting: LHB Eric Bailey
|
0-0: Swinging Strike 0-1: Ball 1-1: Ball 2-1: Foul Ball, location: 2F 2-2: Foul Ball, location: 2F 2-2: Fly out, F9 (Flyball, 9S, EV 93.8 MPH)
|
Batting: RHB Adam McGurn
|
0-0: Ball 1-0: Swinging Strike 1-1: Ball 2-1: Foul Ball, location: 2F 2-2: Strikes out looking
|
Bottom of the 6th over - 0 runs, 1 hit, 0 errors, 1 left on base; Gwinnett 2 - New Orleans 1 |
TOP OF THE 7TH |
Gwinnett Braves batting - Pitching for New Orleans Zephyrs : LHP Cody Coward
|
Pitching: LHP Melvin Castro
|
|
Batting: RHB Riley Nasiir
|
0-0: Ball 1-0: Swinging Strike 1-1: Foul Ball, location: 2F 1-2: Ball 2-2: Ground out 5-3 (Groundball, 56, EV 83.8 MPH)
|
Batting: RHB Edgar Castillo
|
0-0: Ground out 4-3 (Groundball, 4, EV 88.8 MPH)
|
Batting: RHB Nate Taylor
|
0-0: Called Strike 0-1: Ball 1-1: Swinging Strike 1-2: Foul Ball, location: 2F 1-2: Ball 2-2: Foul Ball, location: 2F 2-2: Ball 3-2: Base on Balls
|
Batting: SHB Brian Bagley
|
0-0: Foul Ball, location: 2F 0-1: Fly out, F7 (Flyball, 7D, EV 95.0 MPH)
|
Top of the 7th over - 0 runs, 0 hits, 0 errors, 1 left on base; Gwinnett 2 - New Orleans 1 |
BOTTOM OF THE 7TH |
New Orleans Zephyrs batting - Pitching for Gwinnett Braves : RHP Jeff Olech
|
Batting: RHB Rick Fell
|
0-0: Called Strike 0-1: SINGLE (Line Drive, 7S, EV 104.4 MPH)
|
Batting: SHB Greg Rivera
|
0-0: Bunted foul 0-1: Ball 1-1: Bunt missed! 1-2: Fielders Choice at 2nd, 3-6 (Groundball, 3S, EV 81.9 MPH)
|
Pinch Hitting: SHB Ramon Martinez
|
0-0: Ball 1-0: Called Strike 1-1: SINGLE (Groundball, 34S, EV 76.2 MPH) (infield hit) Greg Rivera to second
|
Pinch Hitting: LHB David Doge
|
0-0: Ball 1-0: Foul Ball, location: 2F 1-1: Ball 2-1: Fielders Choice at 2nd, 4-6 (Groundball, 4M, EV 100.0 MPH) Greg Rivera to third
|
Batting: RHB John Jackson
|
0-0: Called Strike 0-1: Ball 1-1: Swinging Strike 1-2: Ball 2-2: SINGLE (Groundball, 56S, EV 73.1 MPH) (infield hit) Greg Rivera scores David Doge to second
|
Pitching: RHP Larry Stegall
|
|
Batting: RHB Orlando Landa
|
0-0: Called Strike 0-1: Foul Ball, location: 2F 0-2: Ball 1-2: Foul Ball, location: 2F 1-2: Fly out, F9 (Flyball, 9, EV 77.5 MPH)
|
Bottom of the 7th over - 1 run, 3 hits, 0 errors, 2 left on base; Gwinnett 2 - New Orleans 2 |
TOP OF THE 8TH |
Gwinnett Braves batting - Pitching for New Orleans Zephyrs : LHP Melvin Castro
|
Now at 2B: Ramon Martinez
|
|
Now at 3B: John Jackson
|
|
Now at SS: Orlando Landa
|
|
Now in CF: David Doge
|
|
Batting: RHB Zheng-ze King
|
0-0: Ball 1-0: Called Strike 1-1: Ball 2-1: Foul Ball, location: 2F 2-2: Fly out, F8 (Flyball, 89M, EV 91.9 MPH)
|
Batting: RHB Muneer Maudad
|
0-0: Ball 1-0: Called Strike 1-1: Ball 2-1: Foul Ball, location: 2F 2-2: Strikes out swinging
|
Batting: SHB Troy Kenyon
|
0-0: Foul Ball, location: 2F 0-1: Called Strike 0-2: Ball 1-2: Strikes out swinging
|
Top of the 8th over - 0 runs, 0 hits, 0 errors, 0 left on base; Gwinnett 2 - New Orleans 2 |
BOTTOM OF THE 8TH |
New Orleans Zephyrs batting - Pitching for Gwinnett Braves : RHP Larry Stegall
|
Batting: RHB Manuel Taveras
|
0-0: Ball 1-0: Ball 2-0: Foul Ball, location: 2F 2-1: SINGLE (Groundball, 56S, EV 70.6 MPH) (infield hit)
|
Batting: LHB Eric Bailey
|
0-0: Ball 1-0: Ball 2-0: Swinging Strike 2-1: Ball 3-1: Base on Balls Manuel Taveras to second
|
Batting: RHB Adam McGurn
|
0-0: Fly out, F9 (Line Drive, 9D, EV 86.9 MPH) Runner from 2nd tags up, SAFE at 3rd, no throw by RF
|
Batting: RHB Rick Fell
|
0-0: Ball 1-0: Ball 2-0: Called Strike 2-1: Foul Ball, location: 2F 2-2: Ball 3-2: Foul Ball, location: 2F 3-2: Grounds into double play, 6-4-3 (Groundball, 6, EV 92.5 MPH)
|
Bottom of the 8th over - 0 runs, 1 hit, 0 errors, 1 left on base; Gwinnett 2 - New Orleans 2 |
TOP OF THE 9TH |
Gwinnett Braves batting - Pitching for New Orleans Zephyrs : LHP Melvin Castro
|
Pitching: LHP Hideo Komatsu
|
|
Batting: RHB Jeremy Giesler
|
0-0: Called Strike 0-1: Ball 1-1: Ball 2-1: Swinging Strike 2-2: Strikes out swinging
|
Batting: RHB Jesse Lester
|
0-0: Swinging Strike 0-1: Called Strike 0-2: Foul Ball, location: 2F 0-2: Ball 1-2: Fly out, F8 (Flyball, 89D, EV 110.6 MPH)
|
Batting: RHB Riley Nasiir
|
0-0: Called Strike 0-1: Ball 1-1: Fly out, F8 (Flyball, 8LM, EV 90.6 MPH)
|
Top of the 9th over - 0 runs, 0 hits, 0 errors, 0 left on base; Gwinnett 2 - New Orleans 2 |
BOTTOM OF THE 9TH |
New Orleans Zephyrs batting - Pitching for Gwinnett Braves : RHP Larry Stegall
|
Pitching: LHP Brian Gregory
|
|
Batting: SHB Greg Rivera
|
0-0: Reached on error, E4 (Groundball, 4S, EV 61.9 MPH)
|
Pitching: RHP Orlando Velazquez
|
|
Batting: SHB Ramon Martinez
|
0-0: Ball 1-0: Bunted foul 1-1: Sac Bunt to 5S - play at first, batter OUT! 5-3 Greg Rivera to second
|
Batting: LHB David Doge
|
0-0: Intentional Walk
|
Batting: RHB John Jackson
|
0-0: Called Strike 0-1: Ball 1-1: Swinging Strike 1-2: Ball 2-2: Strikes out swinging
|
Batting: RHB Orlando Landa
|
0-0: Called Strike 0-1: Ball 1-1: Called Strike 1-2: Ball 2-2: Ball 3-2: Base on Balls Greg Rivera to third David Doge to second
|
Batting: RHB Manuel Taveras
|
0-0: Ground out 5-3 (Groundball, 56S, EV 80.0 MPH)
|
Bottom of the 9th over - 0 runs, 0 hits, 1 error, 3 left on base; Gwinnett 2 - New Orleans 2 |
TOP OF THE 10TH |
Gwinnett Braves batting - Pitching for New Orleans Zephyrs : LHP Hideo Komatsu
|
Batting: RHB Edgar Castillo
|
0-0: Foul Ball, location: 2F 0-1: Swinging Strike 0-2: Strikes out looking
|
Batting: RHB Nate Taylor
|
0-0: Ball 1-0: Called Strike 1-1: Ball 2-1: Swinging Strike 2-2: Ball 3-2: Base on Balls
|
Batting: SHB Brian Bagley
|
0-0: Ball 1-0: Ball 2-0: Ball 3-0: Called Strike 3-1: Base on Balls Nate Taylor to second
|
Batting: RHB Zheng-ze King
|
0-0: Called Strike 0-1: Ground out 3-1 (Groundball, 13, EV 86.2 MPH) Nate Taylor to third Brian Bagley to second
|
Batting: RHB Muneer Maudad
|
0-0: Ball 1-0: Called Strike 1-1: Ball 2-1: Ball 3-1: Base on Balls
|
Pitching: RHP Giampaolo Nobile
|
|
Batting: SHB Troy Kenyon
|
0-0: Called Strike 0-1: Ball 1-1: Called Strike 1-2: Ball 2-2: Foul Ball, location: 2F 2-2: Strikes out looking
|
Top of the 10th over - 0 runs, 0 hits, 0 errors, 3 left on base; Gwinnett 2 - New Orleans 2 |
BOTTOM OF THE 10TH |
New Orleans Zephyrs batting - Pitching for Gwinnett Braves : RHP Orlando Velazquez
|
Batting: LHB Eric Bailey
|
0-0: Called Strike 0-1: Foul Ball, location: 2F 0-2: Ball 1-2: Foul Ball, location: 2F 1-2: Ball 2-2: Foul Ball, location: 2F 2-2: Foul Ball, location: 2F 2-2: Fly out, F5 (Popup, 56S, EV 65.6 MPH)
|
Batting: RHB Adam McGurn
|
0-0: Ball 1-0: Swinging Strike 1-1: Swinging Strike 1-2: Strikes out swinging
|
Batting: RHB Rick Fell
|
0-0: Ball 1-0: Called Strike 1-1: Ground out 6-3 (Groundball, 6, EV 83.8 MPH)
|
Bottom of the 10th over - 0 runs, 0 hits, 0 errors, 0 left on base; Gwinnett 2 - New Orleans 2 |
TOP OF THE 11TH |
Gwinnett Braves batting - Pitching for New Orleans Zephyrs : RHP Giampaolo Nobile
|
Pinch Hitting: SHB Bob Morales
|
0-0: Ball 1-0: Foul Ball, location: 2F 1-1: Foul Ball, location: 2F 1-2: Foul Ball, location: 2F 1-2: Foul Ball, location: 2F 1-2: Strikes out looking
|
Pinch Hitting: LHB Chad Persaud
|
0-0: Ball 1-0: Called Strike 1-1: SINGLE (Line Drive, 3D, EV 100.0 MPH)
|
Pinch Hitting: LHB Mark Buchholz
|
0-0: Ball 1-0: Called Strike 1-1: Foul Ball, location: 2F 1-2: Fly out, F8 (Flyball, 8LXD, EV 77.5 MPH)
|
Batting: RHB Edgar Castillo
|
0-0: Ball 1-0: Ball 2-0: Called Strike 2-1: Foul Ball, location: 2F 2-2: Ball 3-2: Foul Ball, location: 2F 3-2: Ground out 6-3 (Groundball, 6S, EV 67.5 MPH)
|
Top of the 11th over - 0 runs, 1 hit, 0 errors, 1 left on base; Gwinnett 2 - New Orleans 2 |
BOTTOM OF THE 11TH |
New Orleans Zephyrs batting - Pitching for Gwinnett Braves : RHP Orlando Velazquez
|
Now at 2B: Alex Munoz
|
|
Now at 3B: Mark Buchholz
|
|
Now at SS: Zheng-ze King
|
|
Now in CF: Bob Morales
|
|
Batting: SHB Greg Rivera
|
0-0: Called Strike 0-1: Ball 1-1: Ball 2-1: Foul Ball, location: 2F 2-2: Foul Ball, location: 2F 2-2: Foul Ball, location: 2F 2-2: Ground out 6-3 (Groundball, 6, EV 92.5 MPH)
|
Batting: SHB Ramon Martinez
|
0-0: Ball 1-0: Swinging Strike 1-1: Ground out 5-3 (Groundball, 56, EV 108.8 MPH)
|
Batting: LHB David Doge
|
0-0: Ball 1-0: SINGLE (Line Drive, 78S, EV 98.8 MPH)
|
Batting: RHB John Jackson
|
0-0: Foul Ball, location: 2F 0-1: Called Strike 0-2: Ball David Doge is caught stealing 2nd base 2-4
|
Bottom of the 11th over - 0 runs, 1 hit, 0 errors, 0 left on base; Gwinnett 2 - New Orleans 2 |
TOP OF THE 12TH |
Gwinnett Braves batting - Pitching for New Orleans Zephyrs : RHP Giampaolo Nobile
|
Pitching: LHP Tyler Murders
|
|
Batting: RHB Nate Taylor
|
0-0: Foul Ball, location: 2F 0-1: Ball 1-1: Foul Ball, location: 2F 1-2: Strikes out swinging
|
Batting: SHB Brian Bagley
|
0-0: Foul Ball, location: 2F 0-1: Foul Ball, location: 2F 0-2: Strikes out swinging
|
Batting: RHB Zheng-ze King
|
0-0: Ball 1-0: Called Strike 1-1: Swinging Strike 1-2: Strikes out swinging
|
Top of the 12th over - 0 runs, 0 hits, 0 errors, 0 left on base; Gwinnett 2 - New Orleans 2 |
BOTTOM OF THE 12TH |
New Orleans Zephyrs batting - Pitching for Gwinnett Braves : RHP Orlando Velazquez
|
Batting: RHB John Jackson
|
0-0: Ball 1-0: Foul Ball, location: 2F 1-1: Ground out 5-3 (Groundball, 56, EV 78.8 MPH)
|
Batting: RHB Orlando Landa
|
0-0: Swinging Strike 0-1: Ball 1-1: Swinging Strike 1-2: Strikes out looking
|
Batting: RHB Manuel Taveras
|
0-0: Called Strike 0-1: Ball 1-1: SOLO HOME RUN (Flyball, 7D, EV 107.5 MPH), Distance : 390 ft
|
Bottom of the 12th over - 1 run, 1 hit, 0 errors, 0 left on base; Gwinnett 2 - New Orleans 3 |
|